 Dungeon Crawl Stone Soup version 0.17-a0-2231-gd80ca38 (console) character file.

36757 endege the Protected (level 13, 0/122 HPs)
             Began as a Minotaur Fighter on Oct 28, 2015.
             Was the Champion of Makhleb.
             Slain by a death yak (8 damage)
             ... on level 6 of the Lair of Beasts on Oct 29, 2015.
             The game lasted 03:08:32 (19065 turns).

endege the Protected (Minotaur Fighter)            Turns: 19065, Time: 03:08:33

Health: 0/122      AC: 16    Str: 24    XL:     13   Next: 54%
Magic:  16/16      EV: 12    Int:  5    God:    Makhleb [******]
Gold:   1248       SH: 14    Dex: 10    Spells: 1 memorised, 11 levels left

rFire  + + .     SeeInvis .     p - +12 dagger of Couky {elec, rF+ Stlth+}
rCold  . . .     Clarity  .     J - +1 troll leather armour {Snorg}
rNeg   . . .     SustAt   .     c - +1 shield
rPois  +         Gourm    .     (helmet restricted)
rElec  .         Spirit   .     b - +0 cloak
rCorr  .         Warding  .     y - +0 pair of gloves
rMut   .         Stasis   .     v - +2 pair of boots
MR     .....                    (no amulet)
Stlth  +++.......               f - ring of stealth
                                m - ring of poison resistance

@: not resistant to hostile enchantments, fairly stealthy
A: retaliatory headbutt, horns 2, repulsion field 1, thin metallic scales 1,
clumsy 1, fire resistance 1
a: Minor Destruction, Lesser Servant of Makhleb, Major Destruction, Greater
Servant of Makhleb, Renounce Religion


You were on level 6 of the Lair of Beasts.
You worshipped Makhleb.
Makhleb was exalted by your worship.
You were not hungry.

You visited 3 branches of the dungeon, and saw 19 of its levels.
You also visited: Volcano.

You collected 1338 gold pieces.
You spent 90 gold pieces at shops.


Innate Abilities, Weirdness & Mutations

You reflexively headbutt those who attack you in melee.
You have a pair of horns on your head.
You are surrounded by a mild repulsion field (EV +2).
You are partially covered in thin metallic scales (AC +2).
You are clumsy. (Dex -2)
Your flesh is heat resistant.


   Skills:
 + Level 13.3 Fighting
 - Level 10.3 Short Blades
 - Level 4.4 Polearms
 - Level 5.2 Throwing
 + Level 13.6 Armour
 + Level 13.4 Shields
 - Level 3.4 Translocations
 + Level 5.8 Invocations


You had 11 spell levels left.
You knew the following spells:

 Your Spells              Type           Power        Failure   Level  Hunger
a - Apportation           Tloc           #.........   21%         1    ##.....

Inventory:

Hand Weapons
 g - a +0 dagger of draining
 n - a +2 scimitar of flaming
 p - the +12 dagger of Couky (weapon) {elec, rF+ Stlth+} Occasionally, upon striking a foe, it will discharge some electrical energy and cause terrible harm. It protects you from fire. It makes you more stealthy.
 H - a +1 demon trident of draining
Missiles
 A - 27 poisoned needles
 W - 8 tomahawks of returning (quivered)
Armour
 b - a +0 cloak (worn)
 c - a +1 shield (worn)
 v - a +2 pair of boots (worn)
 y - a +0 pair of gloves (worn)
 J - a +1 troll leather armour (worn) {Snorg}
 U - a +2 robe of magic resistance
Magical Staves
 P - an uncursed staff of summoning {unknown}
Jewellery
 f - a ring of stealth (right hand)
 m - a ring of poison resistance (left hand)
 K - a +6 ring of intelligence
 N - a +1 ring of evasion
 O - a +2 ring of dexterity
Wands
 s - a wand of fire (10)
 C - a wand of digging (13)
 F - a wand of disintegration (24)
 L - a wand of frost (29)
 V - a wand of disintegration (17)
 X - a wand of flame (17)
Scrolls
 l - 4 scrolls of remove curse
 o - 3 scrolls of identify {@r1}
 u - a scroll of fog
 w - 7 scrolls of teleportation {@r4}
 B - 3 scrolls of enchant weapon
 D - 2 scrolls of enchant armour
 E - a scroll of blinking
 M - 2 scrolls of fear
 R - a scroll of recharging
Potions
 d - a potion of might
 h - 3 potions of brilliance
 i - 2 potions of resistance
 r - 4 potions of heal wounds {@q2}
 t - 4 potions of curing {@q1}
 x - a potion of agility {unknown}
 G - 2 potions of haste {@q3}
 S - 3 potions of berserk rage {!q}
Books
 Q - a book of Summonings

   Spells                             Type                      Level
   a - Recall                         Summoning/Translocation      3
   b - Aura of Abjuration             Summoning                    5
   c - Shadow Creatures               Summoning                    5
   d - Summon Demon                   Summoning                    5
   e - Summon Forest                  Summoning/Translocation      5
   f - Summon Mana Viper              Hexes/Summoning              5
 Z - a book of Party Tricks

   Spells                             Type                      Level
   a - Summon Butterflies             Summoning                    1
   b - Apportation                    Translocation                1
   c - Tukima's Dance                 Hexes                        3
   d - Alistair's Intoxication        Transmutation/Poison         4
   e - Invisibility                   Hexes                        6
Miscellaneous
 a - a plain deck of wonders
 Y - a disc of storms
Comestibles
 e - 14 bread rations
 j - 11 slices of pizza
 k - 5 beef jerkies
 q - 11 fruits
 z - 2 meat rations
 T - 7 chunks of flesh

Dungeon Overview and Level Annotations

Branches:
Dungeon (11/15)            Temple (1/1) D:4            Lair (7/8) D:11
 Shoals (0/4) Lair:4        Snake (0/4) Lair:4          Orc (0/4) D:11
  Slime: Lair:6-8

Altars:
Ashenzari
Cheibriados
Dithmenos
Elyvilon
Fedhas
Gozag
Kikubaaqudgha
Makhleb
Nemelex Xobeh
Okawaru
Qazlal
Ru
Sif Muna
Trog
Vehumet
Xom
Yredelemnul
Zin
The Shining One
Beogh

Shops:
D:11

= ▒▒▒▒ ▒▒▒..▒▒ ▒▒▒ ▒▒▒▒▒▒
▒▒▒▒f..f.▒▒▒.▒▒ ▒.▒..▒
▒▒...f.........▒ .....▒▒
▒..............▒ ......▒ ▒▒▒
▒............... ......▒ ▒▒▒.▒▒▒
▒▒.............▒ .....▒▒
▒▒.....▒▒▒............▒▒▒ .....▒▒
▒P.....r▒▒▒▒..........▒▒. ...▒▒.▒
▒▒.....YH▒▒▒▒............
...▒▒▒▒▒▒.<....YYH▒▒.......▒.▒▒..
..▒▒▒▒...............▒.....▒▒.▒P.
..▒▒▒.................▒.▒▒▒▒▒▒...
...▒▒.............▒.▒▒▒▒▒ ▒...
▒.▒▒▒.............▒▒▒ ▒...
▒▒.▒▒..............▒ ▒...
▒.................▒▒ ▒▒..
▒▒>..............▒▒ ▒▒..
P...............▒▒ ▒...
.P............▒▒.▒ ▒▒..


You could see 3 death yaks, a griffon and a porcupine.


Message History

The griffon claws you but does no damage.
The death yak gores you!
* * * LOW HITPOINT WARNING * * *
You closely miss the porcupine. Your headbutt misses the porcupine.
You block the death yak's attack. You block the porcupine's attack.
You can't go down here!
The death yak barely misses you.
The griffon bites you but does no damage.
The griffon pecks you!
* * * LOW HITPOINT WARNING * * *
The griffon barely misses you. You block the death yak's attack.
The porcupine bites you!
* * * LOW HITPOINT WARNING * * *
The death yak gores you but does no damage.
You climb upwards.
There is a stone staircase leading down here.
You hit the death yak.
The death yak is severely wounded.
You block the death yak's attack. You block the griffon's attack.
The griffon pecks you but does no damage.
The griffon claws you but does no damage.
The death yak gores you!!
* * * LOW HITPOINT WARNING * * *
You hit the death yak.
The death yak is severely wounded.
The porcupine bites you but does no damage.
The death yak closely misses you.
You hit the death yak.
There is a sudden explosion of sparks!
You headbutt the death yak.
The death yak is almost dead.
The death yak gores you!
You die...

Action                   |  1- 3 |  4- 6 |  7- 9 | 10-12 | 13-15 || total
-------------------------+-------+-------+-------+-------+-------++-------
Melee: Trident           |   105 |   125 |       |       |       ||   230
       Dagger            |       |    46 |   228 |   920 |   258 ||  1452
Throw: Tomahawk          |       |       |       |    16 |       ||    16
 Cast: Apportation       |       |       |       |     1 |       ||     1
Evoke: Wand              |       |       |       |     2 |       ||     2
  Use: Scroll            |       |     9 |     3 |    12 |     3 ||    27
       Potion            |       |     4 |     1 |     8 |     1 ||    14
 Stab: Sleeping          |       |       |       |    10 |     3 ||    13
  Eat: Chunk             |       |     7 |     7 |    13 |     2 ||    29
       Meat ration       |       |     1 |       |     4 |     1 ||     6
       Royal jelly       |       |       |     1 |       |       ||     1

Vault maps used:
D:1:      sevenhm_arrival_forest_fort_small_4
D:2:      minmay_snake_closets
D:3:      zin_purify
D:4:      minmay_temple_entry_statues_fountains, serial_forest,
          infiniplex_forest_clump_small, infiniplex_forest_straight_2,
          infiniplex_forest_lined_2, infiniplex_forest_lined_2,
          infiniplex_forest_pool, infiniplex_forest_straight_4,
          infiniplex_forest_clump_C, infiniplex_forest_straight_5, uniq_robin
D:5:      grunt_temple_overflow_open, first_bread
D:7:      gammafunk_temple_overflow_claw, grunt_livestock
D:8:      nicolae_ru_the_path_less_chosen
D:9:      kennysheep_blocky_room, nicolae_tso_carved_into_rock,
          overflow_temple_1_default
D:10:     uniq_snorg
D:11:     erik_lair_island, special_room, serial_shops, shop
Temple:   roderic_octagonal_lattice_temple
Lair:2:   enter_volcano_1
Lair:3:   pond_and_an_island_with_a_cottage, zaba_anthole,
          minmay_stone_trees_small, ice2_lemuel
Lair:4:   elwin_shoals_entry_rooms, minmay_snake_entry_guardpost_medium
Lair:5:   pond, serial_bayou_shore_a
Lair:6:   minivault_19
Lair:7:   beast_lair_carwin_5
Volcano:  kennysheep_volcano_temple

Notes
Turn   | Place    | Note
--------------------------------------------------------------
     0 | D:1      | endege the Minotaur Fighter began the quest for the Orb.
     0 | D:1      | Reached XP level 1. HP: 19/19 MP: 0/0
    91 | D:1      | Reached XP level 2. HP: 27/27 MP: 1/1
   300 | D:1      | Reached skill level 4 in Armour
   447 | D:1      | Reached skill level 3 in Polearms
   751 | D:2      | Reached XP level 3. HP: 33/33 MP: 2/2
   770 | D:2      | Reached skill level 4 in Fighting
   770 | D:2      | Reached skill level 4 in Shields
   890 | D:2      | Reached XP level 4. HP: 31/40 MP: 3/3
  1918 | D:2      | Reached skill level 4 in Polearms
  1918 | D:2      | Reached XP level 5. HP: 47/47 MP: 4/4
  2142 | D:2      | Identified 2 potions of resistance
  2210 | D:3      | Reached skill level 5 in Armour
  2505 | D:4      | Reached skill level 5 in Fighting
  2522 | D:4      | Reached XP level 6. HP: 39/56 MP: 5/5
  2530 | D:4      | Got a blackened dagger {elec}
  2533 | D:4      | Identified the +12 dagger of Couky {elec, rF+ Stlth+} (You took it off a gnoll on level 4 of the Dungeon)
  2645 | D:4      | Noticed Robin
  2652 | D:4      | Reached skill level 5 in Shields
  2672 | D:4      | Killed Robin
  3110 | D:4      | Found a staircase to the Ecumenical Temple.
  3120 | Temple   | Entered the Ecumenical Temple
  3182 | Temple   | Became a worshipper of Makhleb the Destroyer
  3370 | D:4      | Reached skill level 1 in Short Blades
  3657 | D:3      | Found Zin's Purification Station.
  3665 | D:3      | Found a glowing silver altar of Zin.
  3679 | D:3      | Noticed a phantom
  3684 | D:3      | Killed a phantom
  3684 | D:3      | Reached XP level 7. HP: 61/61 MP: 6/6
  3694 | D:3      | Bought a potion of curing for 90 gold pieces
  3717 | D:3      | Reached skill level 2 in Short Blades
  4032 | D:3      | Reached skill level 6 in Armour
  4036 | D:3      | Reached * piety under Makhleb
  4389 | D:5      | Entered Level 5 of the Dungeon
  4852 | D:5      | Found a basalt altar of Yredelemnul.
  4853 | D:5      | Found a sacrificial altar of Ru.
  4856 | D:5      | Found a shadowy altar of Dithmenos.
  5231 | D:6      | Reached skill level 6 in Fighting
  5231 | D:6      | Reached skill level 6 in Shields
  5358 | D:6      | Reached skill level 3 in Short Blades
  5392 | D:6      | Reached XP level 8. HP: 65/71 MP: 7/7
  5493 | D:6      | Reached skill level 7 in Armour
  5961 | D:7      | Noticed a centaur zombie
  5965 | D:7      | Reached skill level 7 in Fighting
  5965 | D:7      | Reached skill level 4 in Short Blades
  5972 | D:7      | Killed a centaur zombie
  5972 | D:7      | Reached skill level 7 in Shields
  5990 | D:7      | Reached ** piety under Makhleb
  5992 | D:7      | Reached skill level 5 in Short Blades
  6101 | D:7      | Reached skill level 8 in Armour
  6103 | D:7      | Reached XP level 9. HP: 81/81 MP: 8/8
  6134 | D:7      | Reached skill level 8 in Fighting
  6232 | D:7      | Reached skill level 8 in Shields
  6293 | D:7      | Found a deep blue altar of Sif Muna.
  6293 | D:7      | Found a shattered altar of Ashenzari.
  6294 | D:7      | Found a white marble altar of Elyvilon.
  6333 | D:7      | Reached skill level 6 in Short Blades
  6623 | D:7      | Reached skill level 9 in Armour
  6701 | D:7      | Got a dazzling helmet
  7021 | D:8      | Noticed kal9871's ghost (novice HESk)
  7037 | D:8      | Killed kal9871's ghost
  7037 | D:8      | Reached skill level 9 in Fighting
  7037 | D:8      | Reached skill level 9 in Shields
  7213 | D:8      | Reached skill level 7 in Short Blades
  7251 | D:8      | Reached *** piety under Makhleb
  7316 | D:8      | Found a sacrificial altar of Ru.
  7464 | D:8      | Reached XP level 10. HP: 91/91 MP: 9/9
  7557 | D:8      | Reached skill level 1 in Throwing
  7712 | D:8      | Gained mutation: Your natural rate of healing is unusually fast. [potion of mutation]
  7712 | D:8      | Gained mutation: Your flesh is heat resistant. [potion of mutation]
  7712 | D:8      | Lost mutation: Your natural rate of healing is unusually fast. [potion of mutation]
  7769 | D:9      | Found a stormy altar of Qazlal.
  7892 | D:9      | Noticed a red ugly thing
  7902 | D:9      | Killed a red ugly thing
  7902 | D:9      | Reached skill level 2 in Throwing
  8274 | D:9      | Reached skill level 10 in Armour
  8316 | D:9      | Found a glowing golden altar of the Shining One.
  8467 | D:9      | Gained mutation: You are partially covered in thin metallic scales (AC +2). [potion of mutation]
  8467 | D:9      | Gained mutation: You are clumsy. (Dex -2) [potion of mutation]
  8467 | D:9      | Gained mutation: You are surrounded by a mild repulsion field (EV +2). [potion of mutation]
  8699 | D:10     | Entered Level 10 of the Dungeon
  8708 | D:10     | Noticed a hill giant
  8717 | D:10     | Killed a hill giant
  8717 | D:10     | Reached skill level 10 in Fighting
  8717 | D:10     | Reached skill level 8 in Short Blades
  8717 | D:10     | Reached skill level 3 in Throwing
  8830 | D:10     | Reached skill level 10 in Shields
  8925 | D:10     | Noticed a hill giant
  8927 | D:10     | Reached **** piety under Makhleb
  8934 | D:10     | Killed a hill giant
  9155 | D:10     | Noticed Snorg
  9165 | D:10     | Killed Snorg
  9165 | D:10     | Reached XP level 11. HP: 80/101 MP: 10/10
  9477 | D:10     | Noticed a hill giant
  9483 | D:10     | Killed a hill giant
  9483 | D:10     | Reached skill level 4 in Throwing
  9483 | D:10     | Reached skill level 11 in Armour
  9947 | D:11     | Found Zuiguoc's Jewellery Shop.
 10035 | D:11     | Upgraded the game from 0.17-a0-2220-g6fea741 to 0.17-a0-2231-gd80ca38
 10106 | D:11     | Reached ***** piety under Makhleb
 10152 | D:11     | Found a roughly hewn altar of Beogh.
 10343 | D:11     | Reached skill level 9 in Short Blades
 10385 | D:11     | Found a staircase to the Lair.
 10469 | D:11     | Reached skill level 11 in Fighting
 10529 | D:11     | Found a staircase to the Orcish Mines.
 10822 | D:11     | Noticed a hill giant
 10832 | D:11     | Killed a hill giant
 11117 | Lair:1   | Entered Level 1 of the Lair of Beasts
 11137 | Lair:1   | Reached skill level 5 in Throwing
 11137 | Lair:1   | Reached skill level 11 in Shields
 12011 | Lair:1   | Learned a level 1 spell: Apportation
 12601 | Lair:2   | Noticed an eight-headed hydra
 12626 | Lair:2   | Killed an eight-headed hydra
 12633 | Lair:2   | Reached XP level 12. HP: 109/111 MP: 11/11
 12639 | Lair:2   | Reached skill level 12 in Armour
 12642 | Lair:2   | Reached skill level 10 in Short Blades
 12689 | Lair:2   | Reached ****** piety under Makhleb
 12995 | Lair:2   | Noticed a seven-headed hydra
 13002 | Lair:2   | Killed a seven-headed hydra
 13002 | Lair:2   | Reached skill level 1 in Invocations
 13080 | Lair:2   | Reached skill level 12 in Fighting
 13288 | Lair:2   | Found a dark tunnel.
 13299 | Volcano  | Entered a volcano
 13322 | Volcano  | Found a burning altar of Makhleb.
 13331 | Volcano  | Noticed an ogre mage
 13347 | Volcano  | Killed an ogre mage
 13347 | Volcano  | Reached skill level 2 in Invocations
 13456 | Volcano  | Reached skill level 12 in Shields
 13593 | Lair:2   | Identified a +0 mottled dragon armour (You found it on level 11 of the Dungeon)
 13817 | Lair:3   | Reached skill level 1 in Translocations
 13842 | Lair:3   | Reached skill level 3 in Invocations
 14437 | Lair:3   | HP: 6/113 [electric eel/bolt of electricity (10)]
 14749 | Lair:3   | Reached skill level 2 in Translocations
 14781 | Lair:3   | Reached skill level 4 in Invocations
 15700 | Lair:4   | Found a staircase to the Shoals.
 15931 | Lair:4   | Reached XP level 13. HP: 117/119 MP: 15/15
 16149 | Lair:4   | Noticed an eight-headed hydra
 16195 | Lair:4   | Killed an eight-headed hydra
 16195 | Lair:4   | Reached skill level 13 in Armour
 16195 | Lair:4   | Reached skill level 3 in Translocations
 16408 | Lair:4   | Reached skill level 13 in Fighting
 16439 | Lair:4   | Found a staircase to the Snake Pit.
 17042 | Lair:5   | Reached skill level 5 in Invocations
 17054 | Lair:5   | Reached skill level 13 in Shields
 19063 | Lair:6   | HP: 7/122 [death yak (18)]
 19065 | Lair:6   | Slain by a death yak

Vanquished Creatures
  Snorg (D:10)
  4 hydras
  A death yak (Lair:7)
  An ogre mage (Volcano)
  5 hill giants
  The ghost of kal9871 the Carver, a novice HESk of Ashenzari (D:8)
  A necromancer (Lair:3)
  An ugly thing (D:9)
  3 elephants (Lair:3)
  2 black mambas
  An ice statue (Lair:3)
  8 spiny frogs
  3 komodo dragons
  5 fire drakes
  5 trolls
  3 blink frogs (Lair:6)
  3 polar bears
  A blue devil (Lair:3)
  A merfolk (Lair:4)
  2 two-headed ogres (Volcano)
  A water elemental (D:11)
  A wyvern (Lair:2)
  18 yaks
  A human (D:7)
  11 hippogriffs
  2 basilisks
  A hog (D:7)
  7 vampire mosquitoes (Lair:5)
  A steam dragon (Lair:7)
  A wolf (D:11)
  A mottled dragon (D:11)
  8 water moccasins
  6 orc warriors
  13 porcupines
  2 sky beasts
  2 necrophages (D:11)
  2 swamp drakes (Lair:5)
  5 nagas (Lair:4)
  11 ice beasts
  An eye of draining (D:9)
  2 centaurs (D:6)
  3 phantoms
  7 ogres
  13 crocodiles
  A big kobold (D:10)
  A wyvern zombie (D:8)
  14 giant frogs
  A gnoll sergeant (D:9)
  9 killer bees (D:7)
  4 scorpions
  8 wights
  A water moccasin skeleton (D:4)
  13 electric eels
  A crimson imp (D:7)
  4 centaur zombies
  7 hounds
  A quasit (D:11)
  A giant frog zombie (D:9)
  2 basilisk zombies (Lair:3)
  8 orc wizards
  4 giant frog skeletons
  8 orc priests
  8 worker ants
  4 iguanas
  11 sheep
  A crocodile zombie (Lair:3)
  A hound skeleton (D:4)
  A worker ant zombie (D:8)
  Robin (D:4)
  19 adders
  7 gnolls
  62 river rats
  3 shadow imps
  2 white imps (Lair:3)
  2 adder zombies
  2 worms
  7 giant geckos
  39 orcs
  5 bats
  7 hobgoblins
  6 ball pythons (D:2)
  4 giant cockroaches
  6 giant newts
  18 goblins
  10 jackals
  17 kobolds
  5 quokkas
  2 quokka skeletons (D:4)
  A quokka zombie (D:5)
  8 rats
519 creatures vanquished.

Vanquished Creatures (others)
  9 fungi
  2 plants (Lair:2)
11 creatures vanquished.

Grand Total: 530 creatures vanquished
